WCHLSIM.com - West Coast Hockey League
html PUBLIC "-//W3C//DTD XHTML 1.0 Transitional//EN" "http://www.w3.org/TR/xhtml1/DTD/xhtml1-transitional.dtd"> WCHL - Game 116 - LAS VEGAS LIZARD KINGS vs SAN JOSE BRONCOS

LAS VEGAS LIZARD KINGS vs SAN JOSE BRONCOS

Created - 29 novembre 2020 at 21:52

Goals
1 2 3 T
LAS VEGAS LIZARD KINGS 2 0 0 2
SAN JOSE BRONCOS 1 1 2 4
Shots
1 2 3 T
LAS VEGAS LIZARD KINGS 7 5 5 17
SAN JOSE BRONCOS 9 11 8 28

1st period

1. SAN JOSE BRONCOS , Connor Brown 6 (Evgeni Malkin 4, Hampus Lindholm 2) at 1:52 (PP)
2. LAS VEGAS LIZARD KINGS , Johnny Gaudreau 8 (Ryan Nugent-Hopkins 11) at 3:21
3. LAS VEGAS LIZARD KINGS , Ryan Nugent-Hopkins 4 (Matt Roy 1) at 15:47

Penalties :
Matt Niskanen (LVG) for Hooking (Minor) at 0:55, John Marino (LVG) for Slashing (Minor) at 4:54, Sean Monahan (LVG) for Hooking (Minor) at 10:01, Matt Niskanen (LVG) for Interference (Minor) at 16:46

2nd period

4. SAN JOSE BRONCOS , Claude Giroux 3 (Evgeni Malkin 5) at 10:28

Penalties :
Nino Niederreiter (LVG) for Slashing (Minor) at 2:34, Chris Tanev (SJO) for Hooking (Minor) at 18:45

3rd period

5. SAN JOSE BRONCOS , Evgeni Malkin 6 (Connor Brown 5) at 16:02
6. SAN JOSE BRONCOS , Oliver Bjorkstrand 4 (Connor Brown 6, Jaccob Slavin 4) at 19:48 (Empty Net)

Penalties :
No Penalty

Goalie Stats

Marc-Andre Fleury (LVG), 24 saves from 27 shots - (0,889), L, 3-2-1, 59:25 minutes
Jacob Markstrom (SJO), 15 saves from 17 shots - (0,882), W, 6-2-0, 60:00 minutes

Players Stats for LAS VEGAS LIZARD KINGS

Player Name              G  A  P  +/- PIM S  H  SB GA TA FO     MP     PP MP  PK MP  
------------------------------------------------------------------------------------
Barclay Goodrow          0  0  0  -1  0   2  0  0  0  0  5/7    20:35   0:00   5:00 
Bobby Ryan               0  0  0   0  0   1  1  0  0  0  0/2    13:55   0:00   3:45 
Brayden McNabb           0  0  0  -1  0   1  0  3  0  0  0/0    25:13   0:44   5:09 
Brent Burns              0  0  0   0  0   0  1  5  0  0  0/0    25:33   1:15   4:55 
Derek Ryan               0  0  0   0  0   1  0  0  0  0  6/11   13:55   0:00   3:45 
Drake Caggiula           0  0  0   0  0   1  2  0  0  0  0/2     9:15   0:00   3:58 
Evan Rodrigues           0  0  0   0  0   1  0  0  0  0  2/4     5:17   0:00   0:00 
Jeff Skinner             0  0  0   0  0   0  1  0  0  0  0/0    10:40   0:30   0:00 
John Marino              0  0  0   0  2   0  0  0  0  0  0/0     4:49   0:00   1:31 
Johnny Gaudreau          1  0  1   0  0   2  0  0  0  0  0/1    19:35   1:29   0:00 
Matt Niskanen            0  0  0  -1  4   1  1  0  0  0  0/0    24:53   1:15   2:01 
Matt Roy                 0  1  1   0  0   0  1  1  0  0  0/0    21:10   0:44   0:46 
Mirco Mueller            0  0  0   0  0   0  1  0  0  0  0/0    17:25   0:00   3:24 
Nino Niederreiter        0  0  0  -1  2   0  0  0  0  0  1/1    16:07   0:30   0:00 
Ryan Nugent-Hopkins      1  1  2   0  0   2  2  0  0  0  4/18   19:35   1:29   0:00 
Sean Monahan             0  0  0  -1  2   4  0  0  0  0  10/19  16:41   0:30   0:00 
Victor Olofsson          0  0  0   0  0   1  3  0  0  0  0/1    19:35   1:29   0:00 
Zemgus Girgensons        0  0  0   0  0   0  0  0  0  0  0/1     6:49   0:00   1:18 

Players Stats for SAN JOSE BRONCOS

Player Name              G  A  P  +/- PIM S  H  SB GA TA FO     MP     PP MP  PK MP  
------------------------------------------------------------------------------------
Adam Pelech              0  0  0  -1  0   0  1  1  0  0  0/0    16:20   0:00   0:51 
Anthony Beauvillier      0  0  0  -1  0   2  1  0  0  0  0/2    17:57   3:34   0:00 
Brady Skjei              0  0  0  -1  0   0  0  2  0  0  0/0    19:23   3:30   0:24 
Brayden Point            0  0  0  -1  0   6  1  0  0  0  7/16   17:57   3:34   0:00 
Charlie Coyle            0  0  0   0  0   0  2  0  0  0  9/12   13:15   0:00   0:00 
Chris Tanev              0  0  0   0  2   0  0  1  0  0  0/0    17:32   0:52   0:00 
Claude Giroux            1  0  1   1  0   3  0  0  0  0  0/0    21:44   5:19   0:00 
Connor Brown             1  2  3   2  0   3  1  0  0  0  0/2    22:56   5:19   0:30 
Conor Garland            0  0  0   0  0   5  0  0  0  0  1/1    13:15   0:00   0:00 
David Kampf              0  0  0   0  0   0  0  0  0  0  1/1     4:23   0:00   0:00 
Evgeni Malkin            1  2  3   1  0   7  2  0  0  0  18/28  22:14   5:19   0:30 
Hampus Lindholm          0  1  1   2  0   0  0  0  0  0  0/0    22:28   4:22   1:08 
Jaccob Slavin            0  1  1   3  0   0  3  0  0  0  0/0    23:46   4:31   1:35 
Jesper Bratt             0  0  0   0  0   0  0  0  0  0  0/0    13:15   0:00   0:00 
Neal Pionk               0  0  0  -1  0   0  2  1  0  0  0/0    20:30   4:31   0:00 
Nick Bonino              0  0  0   1  0   1  1  0  0  0  3/5     6:34   0:00   1:29 
Oliver Bjorkstrand       1  0  1   0  0   1  1  0  0  0  0/0    20:08   3:34   1:29 
Tyler Motte              0  0  0   0  0   0  1  0  0  0  0/0     4:23   0:00   0:00 

3 Stars

1 - Connor Brown (SJO)
2 - Evgeni Malkin (SJO)
3 - Jaccob Slavin (SJO)

Power Play

LAS VEGAS LIZARD KINGS - 0 on 1 Attempt(s) - 0,00%
SAN JOSE BRONCOS - 1 on 5 Attempt(s) - 20,00%

Penalty Kill

LAS VEGAS LIZARD KINGS - 4 on 5 Attempt(s) - 80,00% - Score 0 goal in Penalty Kill
SAN JOSE BRONCOS - 1 on 1 Attempt(s) - 100,00% - Score 0 goal in Penalty Kill

Team Stat

LAS VEGAS LIZARD KINGS - Hits : 13 - Faceoff Wins : 28 - Blocked Shots : 9 - Penalty Minutes : 10
SAN JOSE BRONCOS - Hits : 16 - Faceoff Wins : 39 - Blocked Shots : 5 - Penalty Minutes : 2

Official

Referees : Brandon Schrader and Peter MacDougall
Linesman : Shandor Alphonso and Stephen Drain

Game Notes

John Marino is injured at 14:56 of 1st period (Left Hip)
Oliver Bjorkstrand has scored in a empty net!

Finance

Level 1 -- Attendance: 6000 (100,00%) -- Ticket Income 840 000 $
Level 2 -- Attendance: 5000 (100,00%) -- Ticket Income 450 000 $
Level 3 -- Attendance: 2000 (100,00%) -- Ticket Income 140 000 $
Level 4 -- Attendance: 4000 (100,00%) -- Ticket Income 140 000 $
Luxury Box -- Attendance: 1000 (100,00%) -- Ticket Income 270 000 $
Total Attendance: 18000 (100,00%)
Total Ticket Income: 1 840 000 $
Other Income: 644 000 $
Total Income: 2 484 000 $

LAS VEGAS LIZARD KINGS

5 vs 5 Forward 
   Center                   Left Wing                Right Wing               Time % Phy DF OF 
 1 Ryan Nugent-Hopkins      Johnny Gaudreau          Victor Olofsson          39     0   1  4  
 2 Sean Monahan             Barclay Goodrow          Nino Niederreiter        39     0   2  3  
 3 Derek Ryan               Jeff Skinner             Bobby Ryan               16     0   3  2  
 4 Evan Rodrigues           Zemgus Girgensons        Drake Caggiula           6      0   3  2  

5 vs 5 Defense 
   Defense                  Defense                                           Time % Phy DF OF 
 1 Brent Burns              Brayden McNabb                                    40     0   2  3  
 2 Matt Niskanen            John Marino                                       40     0   2  3  
 3 Matt Roy                 Mirco Mueller                                     20     0   3  2  
 4 Brent Burns              Matt Niskanen                                     0      1   2  2  

PowerPlay Forward 
   Center                   Left Wing                Right Wing               Time % Phy DF OF 
 1 Ryan Nugent-Hopkins      Johnny Gaudreau          Victor Olofsson          75     0   1  4  
 2 Sean Monahan             Jeff Skinner             Nino Niederreiter        25     0   1  4  

PowerPlay Defense
   Defense                  Defense                                           Time % Phy DF OF 
 1 Brent Burns              Matt Niskanen                                     65     0   1  4  
 2 Matt Roy                 John Marino                                       35     0   1  4  

Penalty Kill 4 Players Forward 
   Center                   Wing                     Time % Phy DF OF 
 1 Barclay Goodrow          Drake Caggiula           55     0   4  0  
 2 Derek Ryan               Bobby Ryan               45     0   5  0  

Penalty Kill 4 Players Defense
   Defense                  Defense                  Time % Phy DF OF 
 1 Brayden McNabb           John Marino              70     0   5  0  
 2 Brent Burns              Matt Niskanen            30     0   5  0  

Penalty Kill - 3 Players Forward 
   Forward                                           Time % Phy DF OF 
 1 Barclay Goodrow                                   55     0   5  0  
 2 Ryan Nugent-Hopkins                               45     0   5  0  

Penalty Kill - 3 Players Defense
   Defense                  Defense                  Time % Phy DF OF 
 1 Matt Roy                 Mirco Mueller            55     0   5  0  
 2 Brayden McNabb           John Marino              45     0   4  0  

4 vs 4 Forward 
   Center                   Wing                     Time % Phy DF OF 
 1 Ryan Nugent-Hopkins      Johnny Gaudreau          60     0   2  3  
 2 Sean Monahan             Barclay Goodrow          40     0   3  2  

4 vs 4 Defense
   Defense                  Defense                  Time % Phy DF OF 
 1 Brent Burns              Matt Niskanen            55     1   2  2  
 2 Brayden McNabb           John Marino              45     1   2  2  

Last Minutes Offensive
   Center                   Left Wing                Right Wing               Defense                  Defense                  
   Ryan Nugent-Hopkins      Johnny Gaudreau          Victor Olofsson          Brent Burns              Matt Niskanen            

Last Minutes Defensive
   Center                   Left Wing                Right Wing               Defense                  Defense                  
   Ryan Nugent-Hopkins      Drake Caggiula           Barclay Goodrow          Brent Burns              Matt Niskanen            

Goaltenders
Starting : Marc-Andre Fleury        
Backup : Alex Stalock             

Extra Forwards
Normal : Jeff Skinner, Bobby Ryan, Zemgus Girgensons - PP : Jeff Skinner, Bobby Ryan - PK : Zemgus Girgensons
Extra Defensemen
Normal : Matt Roy, Mirco Mueller, Brayden McNabb - PP : Matt Roy - PK : Mirco Mueller, Brayden McNabb
Penalty Shots
Ryan Nugent-Hopkins, Sean Monahan, Johnny Gaudreau, Victor Olofsson, Jeff Skinner
Custom OT Lines Forwards
Ryan Nugent-Hopkins, Sean Monahan, Johnny Gaudreau, Barclay Goodrow, Victor Olofsson, Nino Niederreiter, Jeff Skinner, Bobby Ryan, Zemgus Girgensons, Drake Caggiula
Custom OT Lines Defensemen
Brent Burns, Matt Niskanen, Brayden McNabb, John Marino, Matt Roy

Scratches
None

SAN JOSE BRONCOS

5 vs 5 Forward 
   Center                   Left Wing                Right Wing               Time % Phy DF OF 
 1 Evgeni Malkin            Claude Giroux            Connor Brown             34     1   2  2  
 2 Brayden Point            Anthony Beauvillier      Oliver Bjorkstrand       30     1   2  2  
 3 Charlie Coyle            Conor Garland            Jesper Bratt             27     1   2  2  
 4 Nick Bonino              Tyler Motte              David Kampf              9      1   2  2  

5 vs 5 Defense 
   Defense                  Defense                                           Time % Phy DF OF 
 1 Jaccob Slavin            Hampus Lindholm                                   37     1   2  2  
 2 Chris Tanev              Neal Pionk                                        33     1   2  2  
 3 Brady Skjei              Adam Pelech                                       30     1   2  2  
 4 Hampus Lindholm          Jaccob Slavin                                     0      1   2  2  

PowerPlay Forward 
   Center                   Left Wing                Right Wing               Time % Phy DF OF 
 1 Evgeni Malkin            Claude Giroux            Connor Brown             60     1   2  2  
 2 Brayden Point            Anthony Beauvillier      Oliver Bjorkstrand       40     1   2  2  

PowerPlay Defense
   Defense                  Defense                                           Time % Phy DF OF 
 1 Jaccob Slavin            Neal Pionk                                        60     1   2  2  
 2 Hampus Lindholm          Brady Skjei                                       40     1   2  2  

Penalty Kill 4 Players Forward 
   Center                   Wing                     Time % Phy DF OF 
 1 Nick Bonino              Oliver Bjorkstrand       50     1   2  2  
 2 Evgeni Malkin            Connor Brown             50     1   2  2  

Penalty Kill 4 Players Defense
   Defense                  Defense                  Time % Phy DF OF 
 1 Jaccob Slavin            Chris Tanev              50     1   2  2  
 2 Brady Skjei              Adam Pelech              50     1   2  2  

Penalty Kill - 3 Players Forward 
   Forward                                           Time % Phy DF OF 
 1 Nick Bonino                                       50     1   2  2  
 2 Claude Giroux                                     50     1   2  2  

Penalty Kill - 3 Players Defense
   Defense                  Defense                  Time % Phy DF OF 
 1 Jaccob Slavin            Chris Tanev              55     1   2  2  
 2 Brady Skjei              Adam Pelech              45     1   2  2  

4 vs 4 Forward 
   Center                   Wing                     Time % Phy DF OF 
 1 Brayden Point            Oliver Bjorkstrand       50     1   2  2  
 2 Evgeni Malkin            Connor Brown             50     1   2  2  

4 vs 4 Defense
   Defense                  Defense                  Time % Phy DF OF 
 1 Hampus Lindholm          Jaccob Slavin            50     1   2  2  
 2 Adam Pelech              Brady Skjei              50     1   2  2  

Last Minutes Offensive
   Center                   Left Wing                Right Wing               Defense                  Defense                  
   Evgeni Malkin            Oliver Bjorkstrand       Claude Giroux            Jaccob Slavin            Neal Pionk               

Last Minutes Defensive
   Center                   Left Wing                Right Wing               Defense                  Defense                  
   Nick Bonino              Oliver Bjorkstrand       Connor Brown             Chris Tanev              Jaccob Slavin            

Goaltenders
Starting : Jacob Markstrom          
Backup : Petr Mrazek              

Extra Forwards
Normal : Connor Brown, Conor Garland, Charlie Coyle - PP : Conor Garland, Anthony Beauvillier - PK : Charlie Coyle
Extra Defensemen
Normal : Chris Tanev, Neal Pionk, Adam Pelech - PP : Hampus Lindholm - PK : Chris Tanev, Adam Pelech
Penalty Shots
Evgeni Malkin, Brayden Point, Oliver Bjorkstrand, Claude Giroux, Conor Garland
Custom OT Lines Forwards
Evgeni Malkin, Claude Giroux, Brayden Point, Oliver Bjorkstrand, Nick Bonino, Connor Brown, Charlie Coyle, Conor Garland, Anthony Beauvillier, Jesper Bratt
Custom OT Lines Defensemen
Jaccob Slavin, Hampus Lindholm, Chris Tanev, Brady Skjei, Adam Pelech

Scratches
None


% Time on Ice - LAS VEGAS LIZARD KINGS

Lines # - Real PCT - Wanted PCT - Time Play
Normal Forward
1 - 37% - 39% - 17:52
2 - 32% - 39% - 15:35
3 - 21% - 16% - 10:10
4 - 11% - 6% - 5:17
Normal Defense
1 - 36% - 40% - 17:28
2 - 49% - 40% - 23:54
3 - 15% - 20% - 7:32
4 - 0% - 0% - 0:00
PP Forward
1 - 75% - 75% - 1:29
2 - 25% - 25% - 0:30
PP Defense
1 - 63% - 65% - 1:15
2 - 37% - 35% - 0:44
PK Forward
1 - 58% - 55% - 5:08
2 - 42% - 45% - 3:45
PK Defense
1 - 57% - 70% - 5:02
2 - 43% - 30% - 3:51
PK3 Forward
1 - 0% - 55%
2 - 0% - 45%
PK3 Defense
1 - 0% - 55%
2 - 0% - 45%
44 Forward
1 - 0% - 60%
2 - 0% - 40%
44 Defense
1 - 0% - 55%
2 - 0% - 45%
Last Minute Offensive  - 0:14
Last Minute Defensive  - 0:00
Total
Forward - 60:00
Defense - 60:00

% Time on Ice - SAN JOSE BRONCOS

Lines # - Real PCT - Wanted PCT - Time Play
Normal Forward
1 - 34% - 34% - 16:25
2 - 30% - 30% - 14:23
3 - 27% - 27% - 13:15
4 - 9% - 9% - 4:23
Normal Defense
1 - 35% - 37% - 16:58
2 - 33% - 33% - 15:59
3 - 32% - 30% - 15:29
4 - 0% - 0% - 0:00
PP Forward
1 - 60% - 60% - 5:19
2 - 40% - 40% - 3:34
PP Defense
1 - 61% - 60% - 5:23
2 - 39% - 40% - 3:30
PK Forward
1 - 75% - 50% - 1:29
2 - 25% - 50% - 0:30
PK Defense
1 - 95% - 50% - 1:53
2 - 5% - 50% - 0:06
PK3 Forward
1 - 0% - 50%
2 - 0% - 50%
PK3 Defense
1 - 0% - 55%
2 - 0% - 45%
44 Forward
1 - 0% - 50%
2 - 0% - 50%
44 Defense
1 - 0% - 50%
2 - 0% - 50%
Last Minute Offensive  - 0:00
Last Minute Defensive  - 0:42
Total
Forward - 60:00
Defense - 60:00

Play-by-Play

1st period


0:01 of 1st period - Evgeni Malkin wins face-off versus Ryan Nugent-Hopkins in neutral zone.
0:20 of 1st period - Shot by Ryan Nugent-Hopkins.
0:20 of 1st period - Stopped by Jacob Markstrom with a rebound.
0:28 of 1st period - Shot by Connor Brown.
0:28 of 1st period - Shot Blocked by Brent Burns.
0:30 of 1st period - Shot by Evgeni Malkin.
0:30 of 1st period - Stopped by Marc-Andre Fleury without a rebound.
0:31 of 1st period - Sean Monahan wins face-off versus Brayden Point in LAS VEGAS LIZARD KINGS zone.
0:55 of 1st period - Minor Penalty to Matt Niskanen for Hooking.
0:56 of 1st period - Barclay Goodrow wins face-off versus Evgeni Malkin in LAS VEGAS LIZARD KINGS zone.
1:04 of 1st period - Icing by Evgeni Malkin.
1:05 of 1st period - Evgeni Malkin wins face-off versus Barclay Goodrow in SAN JOSE BRONCOS zone.
1:52 of 1st period - Shot by Connor Brown.
1:52 of 1st period - Goal by Connor Brown - LAS VEGAS LIZARD KINGS : 0 - SAN JOSE BRONCOS : 1.
1:53 of 1st period - Charlie Coyle wins face-off versus Ryan Nugent-Hopkins in neutral zone.
2:04 of 1st period - Shot by Conor Garland.
2:04 of 1st period - Stopped by Marc-Andre Fleury without a rebound.
2:05 of 1st period - Brayden Point wins face-off versus Sean Monahan in LAS VEGAS LIZARD KINGS zone.
2:10 of 1st period - Shot by Oliver Bjorkstrand.
2:10 of 1st period - Shot Misses the Net.
2:18 of 1st period - Shot by Barclay Goodrow.
2:18 of 1st period - Stopped by Jacob Markstrom without a rebound.
2:19 of 1st period - Charlie Coyle wins face-off versus Bobby Ryan in SAN JOSE BRONCOS zone.
2:40 of 1st period - Shot by Charlie Coyle.
2:40 of 1st period - Shot Blocked by Brayden McNabb.
2:42 of 1st period - Shot by Adam Pelech.
2:42 of 1st period - Shot Blocked by Brent Burns.
2:48 of 1st period - Shot by Charlie Coyle.
2:48 of 1st period - Shot Misses the Net.
2:50 of 1st period - Shot by Conor Garland.
2:50 of 1st period - Stopped by Marc-Andre Fleury without a rebound.
2:51 of 1st period - Evgeni Malkin wins face-off versus Sean Monahan in LAS VEGAS LIZARD KINGS zone.
3:08 of 1st period - Nino Niederreiter is hit by Jaccob Slavin and loses puck.
3:12 of 1st period - Barclay Goodrow is hit by Jaccob Slavin and loses puck.
3:17 of 1st period - Shot by Sean Monahan.
3:17 of 1st period - Stopped by Jacob Markstrom without a rebound.
3:18 of 1st period - Ryan Nugent-Hopkins wins face-off versus Brayden Point in SAN JOSE BRONCOS zone.
3:21 of 1st period - Shot by Johnny Gaudreau.
3:21 of 1st period - Goal by Johnny Gaudreau - LAS VEGAS LIZARD KINGS : 1 - SAN JOSE BRONCOS : 1.
3:22 of 1st period - Nick Bonino wins face-off versus Johnny Gaudreau in neutral zone.
3:37 of 1st period - Shot by David Kampf.
3:37 of 1st period - Shot Hit the Post.
4:02 of 1st period - Off-side.
4:03 of 1st period - Sean Monahan wins face-off versus Brayden Point in neutral zone.
4:27 of 1st period - Icing by Jaccob Slavin.
4:28 of 1st period - Evan Rodrigues wins face-off versus Anthony Beauvillier in SAN JOSE BRONCOS zone.
4:54 of 1st period - Minor Penalty to John Marino for Slashing.
4:55 of 1st period - Barclay Goodrow wins face-off versus Evgeni Malkin in LAS VEGAS LIZARD KINGS zone.
5:38 of 1st period - Shot by Connor Brown.
5:38 of 1st period - Stopped by Marc-Andre Fleury without a rebound.
5:39 of 1st period - Derek Ryan wins face-off versus Brayden Point in LAS VEGAS LIZARD KINGS zone.
6:04 of 1st period - Shot by Brayden Point.
6:04 of 1st period - Stopped by Marc-Andre Fleury without a rebound.
6:05 of 1st period - Derek Ryan wins face-off versus Evgeni Malkin in LAS VEGAS LIZARD KINGS zone.
6:20 of 1st period - Brent Burns is hit by Evgeni Malkin and loses puck.
9:04 of 1st period - Shot by Drake Caggiula.
9:04 of 1st period - Shot Blocked by Brady Skjei.
9:06 of 1st period - Shot by Zemgus Girgensons.
9:06 of 1st period - Shot Blocked by Brady Skjei.
9:08 of 1st period - Shot by Drake Caggiula.
9:08 of 1st period - Deflect By Zemgus Girgensons.
9:08 of 1st period - Shot Misses the Net.
9:22 of 1st period - Shot by Derek Ryan.
9:22 of 1st period - Deflect By Jeff Skinner.
9:22 of 1st period - Shot Misses the Net.
9:34 of 1st period - Shot by Bobby Ryan.
9:34 of 1st period - Shot Misses the Net.
9:36 of 1st period - Shot by Matt Niskanen.
9:36 of 1st period - Shot Misses the Net.
10:01 of 1st period - Minor Penalty to Sean Monahan for Hooking.
10:02 of 1st period - Evgeni Malkin wins face-off versus Drake Caggiula in LAS VEGAS LIZARD KINGS zone.
10:43 of 1st period - Shot by Jaccob Slavin.
10:43 of 1st period - Shot Misses the Net.
11:52 of 1st period - Off-side.
11:53 of 1st period - Evgeni Malkin wins face-off versus Zemgus Girgensons in neutral zone.
11:56 of 1st period - Shot by Evgeni Malkin.
11:56 of 1st period - Shot Misses the Net.
11:58 of 1st period - Shot by Connor Brown.
11:58 of 1st period - Shot Blocked by Brent Burns.
12:02 of 1st period - Shot by Nick Bonino.
12:02 of 1st period - Stopped by Marc-Andre Fleury without a rebound.
12:03 of 1st period - Nick Bonino wins face-off versus Ryan Nugent-Hopkins in LAS VEGAS LIZARD KINGS zone.
12:28 of 1st period - Nick Bonino is hit by Mirco Mueller.
14:13 of 1st period - Shot by Brayden Point.
14:13 of 1st period - Shot Blocked by Brayden McNabb.
14:23 of 1st period - Shot by Anthony Beauvillier.
14:23 of 1st period - Deflect By Brayden Point.
14:23 of 1st period - Stopped by Marc-Andre Fleury with a rebound.
14:55 of 1st period - John Marino is hit by Tyler Motte and loses puck.
14:56 of 1st period - John Marino from LAS VEGAS LIZARD KINGS is injured at 14:56 of 1st period (Left Hip).
14:57 of 1st period - Sean Monahan wins face-off versus Nick Bonino in LAS VEGAS LIZARD KINGS zone.
15:10 of 1st period - Shot by Barclay Goodrow.
15:10 of 1st period - Shot Misses the Net.
15:12 of 1st period - Shot by Matt Roy.
15:12 of 1st period - Shot Misses the Net.
15:21 of 1st period - Icing by Hampus Lindholm.
15:22 of 1st period - Ryan Nugent-Hopkins wins face-off versus Nick Bonino in SAN JOSE BRONCOS zone.
15:47 of 1st period - Shot by Ryan Nugent-Hopkins.
15:47 of 1st period - Goal by Ryan Nugent-Hopkins - LAS VEGAS LIZARD KINGS : 2 - SAN JOSE BRONCOS : 1.
15:48 of 1st period - Sean Monahan wins face-off versus Evgeni Malkin in neutral zone.
16:07 of 1st period - Shot by Barclay Goodrow.
16:07 of 1st period - Shot Hit the Post.
16:09 of 1st period - Shot by Matt Niskanen.
16:09 of 1st period - Stopped by Jacob Markstrom without a rebound.
16:10 of 1st period - Brayden Point wins face-off versus Ryan Nugent-Hopkins in SAN JOSE BRONCOS zone.
16:10 of 1st period - Brayden Point is hit by Victor Olofsson.
16:32 of 1st period - Shot by Victor Olofsson.
16:32 of 1st period - Stopped by Jacob Markstrom without a rebound.
16:33 of 1st period - Nino Niederreiter wins face-off versus Evgeni Malkin in SAN JOSE BRONCOS zone.
16:46 of 1st period - Minor Penalty to Matt Niskanen for Interference.
16:47 of 1st period - Barclay Goodrow wins face-off versus Brayden Point in LAS VEGAS LIZARD KINGS zone.
16:47 of 1st period - Barclay Goodrow is hit by Oliver Bjorkstrand.
17:59 of 1st period - Icing by Connor Brown.
18:00 of 1st period - Evgeni Malkin wins face-off versus Barclay Goodrow in SAN JOSE BRONCOS zone.
18:35 of 1st period - Shot by Connor Brown.
18:35 of 1st period - Stopped by Marc-Andre Fleury with a rebound.
19:08 of 1st period - Ryan Nugent-Hopkins is hit by Charlie Coyle and loses puck.
Goals for this period are 2 for LAS VEGAS LIZARD KINGS vs 1 for SAN JOSE BRONCOS.
Shots for this period are 7 for LAS VEGAS LIZARD KINGS vs 9 for SAN JOSE BRONCOS.

2nd period


0:01 of 2nd period - Barclay Goodrow wins face-off versus Evgeni Malkin in neutral zone.
0:08 of 2nd period - Shot by Connor Brown.
0:08 of 2nd period - Shot Blocked by Brayden McNabb.
1:37 of 2nd period - Shot by Oliver Bjorkstrand.
1:37 of 2nd period - Shot Blocked by Matt Roy.
1:42 of 2nd period - Icing by Ryan Nugent-Hopkins.
1:43 of 2nd period - Charlie Coyle wins face-off versus Ryan Nugent-Hopkins in LAS VEGAS LIZARD KINGS zone.
2:13 of 2nd period - Shot by Jesper Bratt.
2:13 of 2nd period - Shot Misses the Net.
2:31 of 2nd period - Shot by Drake Caggiula.
2:31 of 2nd period - Stopped by Jacob Markstrom without a rebound.
2:32 of 2nd period - Evgeni Malkin wins face-off versus Sean Monahan in SAN JOSE BRONCOS zone.
2:34 of 2nd period - Minor Penalty to Nino Niederreiter for Slashing.
2:35 of 2nd period - Barclay Goodrow wins face-off versus Evgeni Malkin in LAS VEGAS LIZARD KINGS zone.
2:35 of 2nd period - Barclay Goodrow is hit by Evgeni Malkin.
3:05 of 2nd period - Shot by Connor Brown.
3:05 of 2nd period - Shot Misses the Net.
3:25 of 2nd period - Shot by Evgeni Malkin.
3:25 of 2nd period - Stopped by Marc-Andre Fleury with a rebound.
3:55 of 2nd period - Shot by Brayden Point.
3:55 of 2nd period - Stopped by Marc-Andre Fleury without a rebound.
3:56 of 2nd period - Brayden Point wins face-off versus Derek Ryan in LAS VEGAS LIZARD KINGS zone.
5:38 of 2nd period - Evgeni Malkin is hit by Matt Roy and loses puck.
6:21 of 2nd period - Shot by Conor Garland.
6:21 of 2nd period - Stopped by Marc-Andre Fleury without a rebound.
6:22 of 2nd period - Brayden Point wins face-off versus Derek Ryan in LAS VEGAS LIZARD KINGS zone.
6:25 of 2nd period - Shot by Brayden Point.
6:25 of 2nd period - Stopped by Marc-Andre Fleury with a rebound.
6:27 of 2nd period - Shot by Anthony Beauvillier.
6:27 of 2nd period - Stopped by Marc-Andre Fleury with a rebound.
6:47 of 2nd period - Oliver Bjorkstrand is hit by Bobby Ryan and loses puck.
7:23 of 2nd period - Off-side.
7:24 of 2nd period - Sean Monahan wins face-off versus Evgeni Malkin in neutral zone.
7:43 of 2nd period - Shot by Nino Niederreiter.
7:43 of 2nd period - Shot Misses the Net.
8:41 of 2nd period - Jesper Bratt is hit by Ryan Nugent-Hopkins.
9:12 of 2nd period - Off-side.
9:13 of 2nd period - Brayden Point wins face-off versus Derek Ryan in neutral zone.
9:53 of 2nd period - Adam Pelech is hit by Drake Caggiula and loses puck.
10:12 of 2nd period - Icing by Evan Rodrigues.
10:13 of 2nd period - Evgeni Malkin wins face-off versus Evan Rodrigues in LAS VEGAS LIZARD KINGS zone.
10:18 of 2nd period - Shot by Evgeni Malkin.
10:18 of 2nd period - Stopped by Marc-Andre Fleury without a rebound.
10:19 of 2nd period - Evgeni Malkin wins face-off versus Sean Monahan in LAS VEGAS LIZARD KINGS zone.
10:28 of 2nd period - Shot by Claude Giroux.
10:28 of 2nd period - Goal by Claude Giroux - LAS VEGAS LIZARD KINGS : 2 - SAN JOSE BRONCOS : 2.
10:29 of 2nd period - Evgeni Malkin wins face-off versus Ryan Nugent-Hopkins in neutral zone.
10:42 of 2nd period - Shot by Connor Brown.
10:42 of 2nd period - Shot Misses the Net.
10:44 of 2nd period - Shot by Claude Giroux.
10:44 of 2nd period - Shot Misses the Net.
10:46 of 2nd period - Shot by Evgeni Malkin.
10:46 of 2nd period - Shot Misses the Net.
11:08 of 2nd period - Shot by Connor Brown.
11:08 of 2nd period - Deflect By Evgeni Malkin.
11:08 of 2nd period - Stopped by Marc-Andre Fleury with a rebound.
11:10 of 2nd period - Shot by Connor Brown.
11:10 of 2nd period - Shot Misses the Net.
11:12 of 2nd period - Shot by Evgeni Malkin.
11:12 of 2nd period - Shot Misses the Net.
11:25 of 2nd period - Off-side.
11:26 of 2nd period - Brayden Point wins face-off versus Sean Monahan in neutral zone.
11:44 of 2nd period - Icing by Nino Niederreiter.
11:45 of 2nd period - Sean Monahan wins face-off versus Charlie Coyle in LAS VEGAS LIZARD KINGS zone.
11:58 of 2nd period - Shot by Sean Monahan.
11:58 of 2nd period - Shot Misses the Net.
12:00 of 2nd period - Shot by Barclay Goodrow.
12:00 of 2nd period - Stopped by Jacob Markstrom without a rebound.
12:01 of 2nd period - Derek Ryan wins face-off versus Evgeni Malkin in SAN JOSE BRONCOS zone.
12:18 of 2nd period - Shot by Derek Ryan.
12:18 of 2nd period - Deflect By Jeff Skinner.
12:18 of 2nd period - Shot Misses the Net.
14:42 of 2nd period - Shot by Evan Rodrigues.
14:42 of 2nd period - Stopped by Jacob Markstrom without a rebound.
14:43 of 2nd period - Derek Ryan wins face-off versus Connor Brown in SAN JOSE BRONCOS zone.
14:47 of 2nd period - Shot by Bobby Ryan.
14:47 of 2nd period - Stopped by Jacob Markstrom without a rebound.
14:48 of 2nd period - Evgeni Malkin wins face-off versus Derek Ryan in SAN JOSE BRONCOS zone.
14:52 of 2nd period - Icing by Evgeni Malkin.
14:53 of 2nd period - Evgeni Malkin wins face-off versus Sean Monahan in SAN JOSE BRONCOS zone.
15:13 of 2nd period - Shot by Evgeni Malkin.
15:13 of 2nd period - Stopped by Marc-Andre Fleury without a rebound.
15:14 of 2nd period - Charlie Coyle wins face-off versus Ryan Nugent-Hopkins in LAS VEGAS LIZARD KINGS zone.
15:19 of 2nd period - Shot by Conor Garland.
15:19 of 2nd period - Stopped by Marc-Andre Fleury without a rebound.
15:20 of 2nd period - Evgeni Malkin wins face-off versus Victor Olofsson in LAS VEGAS LIZARD KINGS zone.
15:30 of 2nd period - Icing by Matt Niskanen.
15:31 of 2nd period - Charlie Coyle wins face-off versus Ryan Nugent-Hopkins in LAS VEGAS LIZARD KINGS zone.
16:47 of 2nd period - Shot by Evgeni Malkin.
16:47 of 2nd period - Shot Blocked by Brent Burns.
17:11 of 2nd period - Shot by Sean Monahan.
17:11 of 2nd period - Stopped by Jacob Markstrom with a rebound.
17:22 of 2nd period - Icing by Adam Pelech.
17:23 of 2nd period - Derek Ryan wins face-off versus Connor Brown in SAN JOSE BRONCOS zone.
17:40 of 2nd period - Shot by Jeff Skinner.
17:40 of 2nd period - Shot Misses the Net.
18:32 of 2nd period - Shot by Brayden Point.
18:32 of 2nd period - Stopped by Marc-Andre Fleury without a rebound.
18:33 of 2nd period - Charlie Coyle wins face-off versus Sean Monahan in LAS VEGAS LIZARD KINGS zone.
18:45 of 2nd period - Minor Penalty to Chris Tanev for Hooking.
18:46 of 2nd period - Nick Bonino wins face-off versus Ryan Nugent-Hopkins in SAN JOSE BRONCOS zone.
19:57 of 2nd period - Shot by Sean Monahan.
19:57 of 2nd period - Shot Misses the Net.
Goals for this period are 0 for LAS VEGAS LIZARD KINGS vs 1 for SAN JOSE BRONCOS.
Shots for this period are 5 for LAS VEGAS LIZARD KINGS vs 11 for SAN JOSE BRONCOS.

3rd period


0:01 of 3rd period - Evgeni Malkin wins face-off versus Ryan Nugent-Hopkins in neutral zone.
0:01 of 3rd period - Evgeni Malkin is hit by Victor Olofsson.
0:13 of 3rd period - Brent Burns is hit by Nick Bonino and loses puck.
0:25 of 3rd period - Oliver Bjorkstrand is hit by Brent Burns and loses puck.
0:32 of 3rd period - Shot by Jaccob Slavin.
0:32 of 3rd period - Shot Blocked by Brent Burns.
0:34 of 3rd period - Shot by Jaccob Slavin.
0:34 of 3rd period - Shot Misses the Net.
1:23 of 3rd period - Shot by Sean Monahan.
1:23 of 3rd period - Stopped by Jacob Markstrom without a rebound.
1:24 of 3rd period - Evan Rodrigues wins face-off versus Evgeni Malkin in SAN JOSE BRONCOS zone.
3:45 of 3rd period - Icing by Hampus Lindholm.
3:46 of 3rd period - Evgeni Malkin wins face-off versus Derek Ryan in SAN JOSE BRONCOS zone.
4:25 of 3rd period - Shot by Oliver Bjorkstrand.
4:25 of 3rd period - Deflect By Brayden Point.
4:25 of 3rd period - Stopped by Marc-Andre Fleury without a rebound.
4:26 of 3rd period - Charlie Coyle wins face-off versus Ryan Nugent-Hopkins in LAS VEGAS LIZARD KINGS zone.
4:27 of 3rd period - Shot by Conor Garland.
4:27 of 3rd period - Stopped by Marc-Andre Fleury without a rebound.
4:28 of 3rd period - Ryan Nugent-Hopkins wins face-off versus Charlie Coyle in LAS VEGAS LIZARD KINGS zone.
4:53 of 3rd period - Icing by Mirco Mueller.
4:54 of 3rd period - Ryan Nugent-Hopkins wins face-off versus Brayden Point in LAS VEGAS LIZARD KINGS zone.
4:54 of 3rd period - Ryan Nugent-Hopkins is hit by Anthony Beauvillier.
5:37 of 3rd period - Shot by Anthony Beauvillier.
5:37 of 3rd period - Stopped by Marc-Andre Fleury without a rebound.
5:38 of 3rd period - Charlie Coyle wins face-off versus Sean Monahan in LAS VEGAS LIZARD KINGS zone.
6:33 of 3rd period - Conor Garland is hit by Jeff Skinner and loses puck.
7:10 of 3rd period - Icing by Chris Tanev.
7:11 of 3rd period - Brayden Point wins face-off versus Ryan Nugent-Hopkins in SAN JOSE BRONCOS zone.
7:57 of 3rd period - Icing by Neal Pionk.
7:58 of 3rd period - Sean Monahan wins face-off versus Brayden Point in SAN JOSE BRONCOS zone.
8:21 of 3rd period - Shot by Barclay Goodrow.
8:21 of 3rd period - Shot Blocked by Chris Tanev.
8:36 of 3rd period - Shot by Sean Monahan.
8:36 of 3rd period - Shot Misses the Net.
9:19 of 3rd period - Shot by Evgeni Malkin.
9:19 of 3rd period - Stopped by Marc-Andre Fleury without a rebound.
9:20 of 3rd period - Charlie Coyle wins face-off versus Bobby Ryan in LAS VEGAS LIZARD KINGS zone.
9:20 of 3rd period - Jesper Bratt is hit by Matt Niskanen and loses puck.
10:21 of 3rd period - Shot by Brayden McNabb.
10:21 of 3rd period - Shot Misses the Net.
10:23 of 3rd period - Shot by Victor Olofsson.
10:23 of 3rd period - Shot Misses the Net.
10:25 of 3rd period - Shot by Victor Olofsson.
10:25 of 3rd period - Deflect By Ryan Nugent-Hopkins.
10:25 of 3rd period - Shot Misses the Net.
10:41 of 3rd period - Shot by Ryan Nugent-Hopkins.
10:41 of 3rd period - Shot Blocked by Adam Pelech.
11:45 of 3rd period - Barclay Goodrow is hit by Jaccob Slavin and loses puck.
12:14 of 3rd period - Nino Niederreiter is hit by Neal Pionk and loses puck.
12:25 of 3rd period - Neal Pionk is hit by Ryan Nugent-Hopkins and loses puck.
13:22 of 3rd period - Shot by Jeff Skinner.
13:22 of 3rd period - Shot Misses the Net.
13:24 of 3rd period - Shot by Bobby Ryan.
13:24 of 3rd period - Shot Misses the Net.
13:35 of 3rd period - Icing by Hampus Lindholm.
13:36 of 3rd period - David Kampf wins face-off versus Evan Rodrigues in SAN JOSE BRONCOS zone.
13:59 of 3rd period - Shot by Drake Caggiula.
13:59 of 3rd period - Shot Hit the Post.
14:01 of 3rd period - Shot by Brayden McNabb.
14:01 of 3rd period - Stopped by Jacob Markstrom with a rebound.
14:23 of 3rd period - Shot by Johnny Gaudreau.
14:23 of 3rd period - Stopped by Jacob Markstrom with a rebound.
14:48 of 3rd period - Shot by Claude Giroux.
14:48 of 3rd period - Stopped by Marc-Andre Fleury without a rebound.
14:49 of 3rd period - Sean Monahan wins face-off versus Brayden Point in LAS VEGAS LIZARD KINGS zone.
15:02 of 3rd period - Off-side.
15:03 of 3rd period - Derek Ryan wins face-off versus Charlie Coyle in neutral zone.
15:13 of 3rd period - Shot by Jeff Skinner.
15:13 of 3rd period - Shot Misses the Net.
15:15 of 3rd period - Shot by Derek Ryan.
15:15 of 3rd period - Stopped by Jacob Markstrom without a rebound.
15:16 of 3rd period - Sean Monahan wins face-off versus Anthony Beauvillier in SAN JOSE BRONCOS zone.
15:19 of 3rd period - Shot by Sean Monahan.
15:19 of 3rd period - Stopped by Jacob Markstrom without a rebound.
15:20 of 3rd period - Sean Monahan wins face-off versus Brayden Point in SAN JOSE BRONCOS zone.
15:41 of 3rd period - Shot by Sean Monahan.
15:41 of 3rd period - Shot Misses the Net.
15:52 of 3rd period - Off-side.
15:53 of 3rd period - Evgeni Malkin wins face-off versus Ryan Nugent-Hopkins in neutral zone.
16:02 of 3rd period - Shot by Evgeni Malkin.
16:02 of 3rd period - Goal by Evgeni Malkin - LAS VEGAS LIZARD KINGS : 2 - SAN JOSE BRONCOS : 3.
16:03 of 3rd period - Evgeni Malkin wins face-off versus Ryan Nugent-Hopkins in neutral zone.
16:43 of 3rd period - Ryan Nugent-Hopkins is hit by Connor Brown and loses puck.
17:04 of 3rd period - Neal Pionk is hit by Victor Olofsson and loses puck.
17:29 of 3rd period - Shot by Sean Monahan.
17:29 of 3rd period - Shot Blocked by Neal Pionk.
17:35 of 3rd period - Brayden McNabb is hit by Brayden Point and loses puck.
17:47 of 3rd period - Sean Monahan is hit by Neal Pionk.
18:14 of 3rd period - Jeff Skinner is hit by Adam Pelech and loses puck.
18:41 of 3rd period - Icing by Jesper Bratt.
18:42 of 3rd period - Conor Garland wins face-off versus Drake Caggiula in SAN JOSE BRONCOS zone.
19:01 of 3rd period - Brent Burns is hit by Charlie Coyle and loses puck.
19:13 of 3rd period - LAS VEGAS LIZARD KINGS, Marc-Andre Fleury is pulled from the net.
19:29 of 3rd period - Jaccob Slavin is hit by Drake Caggiula and loses puck.
19:48 of 3rd period - Shot by Oliver Bjorkstrand.
19:48 of 3rd period - Goal by Oliver Bjorkstrand - LAS VEGAS LIZARD KINGS : 2 - SAN JOSE BRONCOS : 4.
19:48 of 3rd period - Marc-Andre Fleury from LAS VEGAS LIZARD KINGS was sent back in the game.
19:49 of 3rd period - Evgeni Malkin wins face-off versus Sean Monahan in neutral zone.
19:52 of 3rd period - Shot by Claude Giroux.
19:52 of 3rd period - Stopped by Marc-Andre Fleury with a rebound.
Goals for this period are 0 for LAS VEGAS LIZARD KINGS vs 2 for SAN JOSE BRONCOS.
Shots for this period are 5 for LAS VEGAS LIZARD KINGS vs 8 for SAN JOSE BRONCOS.


NATHAN
MACKINNON
PHILLIP
DANAULT
CONNOR
MCDAVID

EAST COAST

HOCKEY LEAGUE

  • 25.QUE4CHI5
  • 26.CHA2LIM3
  • 27.TRV2LON3
  • 28.CHW4BAL2
  • 29.PITMAN
  • 30.ATLNHW
  • 31.WORPET
  • 32.RHI